 Dungeon Crawl Stone Soup version 0.30-a0-339-g89bb51ec76 (webtiles) character file.

Game seed: 5395972376913374994

30111 bande the Cleaver (level 13, -6/80 HPs)
             Began as a Gargoyle Fighter on Nov 1, 2022.
             Was a High Priest of Okawaru.
             Mangled by a boulder beetle (14 damage)
             ... on level 5 of the Lair of Beasts.
             The game lasted 00:27:03 (15268 turns).

bande the Cleaver (Gargoyle Fighter)               Turns: 15268, Time: 00:27:03

Health: -6/80      AC: 29    Str: 25    XL:     13   Next: 49%
Magic:  19/19      EV:  7    Int: 11    God:    Okawaru [*****.]
Gold:   606        SH: 16    Dex: 13    Spells: 12/12 levels left

rFire   + . .      SeeInvis .    a - +1 war axe (flame)
rCold   . . .      Faith    .    s - +0 kite shield of the Tanner {rN+}
rNeg    + + .      Spirit   .    h - +0 chain mail
rPois   ∞          Reflect  +    f - +0 helmet
rElec   +          Harm     .    u - +0 cloak
rCorr   .          Rampage  .    z - +2 pair of gloves
Will    .....                    k - +0 pair of boots
Stlth   ..........               m - amulet of reflection
HPRegen 0.33/turn                e - +6 ring of strength
MPRegen 0.16/turn                y - +4 ring of protection

@: studying Polearms
A: sickness immunity, AC +9, negative energy resistance 1, electricity
resistance, torment resistance 1, petrification resistance, hooves 2, deformed
body, fire resistance 1
a: Renounce Religion, Heroism, Finesse, Duel


You were on level 5 of the Lair of Beasts.
You worshipped Okawaru.
Okawaru was extremely pleased with you.
You visited 2 branches of the dungeon, and saw 13 of its levels.
You also visited: Sewer.

You collected 841 gold pieces.
You spent 235 gold pieces at shops.

Inventory:

Hand Weapons
 a - a +1 war axe of flaming (weapon)
 i - a +0 vorpal broad axe
Armour
 f - a +0 helmet (worn)
 h - a +0 chain mail (worn)
 k - a +0 pair of boots (worn)
 s - the +0 kite shield of the Tanner (worn) {rN+}
   (Okawaru gifted it to you on level 5 of the Lair of Beasts)

   rN:        It protects you from negative energy.
 u - a +0 cloak (worn)
 z - a +2 pair of gloves (worn)
Jewellery
 b - a ring of ice
 e - a +6 ring of strength (left hand)
 m - an amulet of reflection (around neck)
 o - a ring of flight
 x - an amulet of magic regeneration
 y - a +4 ring of protection (right hand)
Wands
 g - a wand of flame (29)
 l - a wand of mindburst (26)
 t - a wand of polymorph (9)
 C - a wand of acid (5)
 D - a wand of paralysis (8)
 E - a wand of iceblast (4)
Scrolls
 w - 2 scrolls of teleportation
 A - 2 scrolls of magic mapping
 B - a scroll of poison
 I - a scroll of fear
 K - 2 scrolls of fog
Potions
 d - 3 potions of might
 j - a potion of resistance
 n - 2 potions of magic
 p - 7 potions of flight
 q - 9 potions of curing
 r - a potion of ambrosia
 v - 5 potions of haste
 G - a potion of berserk rage {unknown}
 J - a potion of brilliance {unknown}
Miscellaneous
 F - a phial of floods


   Skills:
 + Level 9.0 Fighting
 + Level 12.3 Axes
 + Level 10.0 Armour
 + Level 9.3 Shields
 * Level 9.2 Invocations
 * Level 8.3 Evocations


You had 12 spell levels left.
You didn't know any spells.
Your spell library contained the following spells:

 Spells                   Type           Power      Damage    Failure   Level
 Magic Dart               Conj           0%         1d3       99%         1
 Poisonous Vapours        Pois/Air       0%         N/A       99%         2
 Hailstorm                Conj/Ice       0%         3d3       100%        3
 Mephitic Cloud           Conj/Pois/Air  0%         N/A       100%        3
 Ice Form                 Ice/Tmut       0%         N/A       100%        4
 Petrify                  Tmut/Erth      0%         N/A       100%        4
 Metabolic Englaciation   Hex/Ice        0%         N/A       100%        5
 Yara's Violent Unravell  Hex/Tmut       0%         3d3       100%        5
 Enfeeble                 Hex            0%         N/A       100%        7
 Borgnjor's Revivificati  Necr           0%         N/A       100%        8
 Necromutation            Tmut/Necr      0%         N/A       100%        8
 Death's Door             Necr           0%         N/A       100%        9
 Call Imp                 Summ           Unusable   N/A       N/A         2
 Cigotuvi's Dreadful Rot  Necr/Pois/Air  Unusable   N/A       N/A         2
 Simulacrum               Ice/Necr       Unusable   N/A       N/A         6
 Statue Form              Tmut/Erth      Unusable   N/A       N/A         6

Dungeon Overview and Level Annotations

Branches:
Dungeon (8/15)             Temple (0/1) D:7            Lair (5/5) D:8
 Shoals (0/4) Lair:2       Spider (0/4) Lair:3        Slime (0/5) Lair:4
  Sewer (visited)

Altars:
Cheibriados
Dithmenos
Fedhas
Kikubaaqudgha
Makhleb
Okawaru
Trog
Uskayaw
Vehumet
Yredelemnul
Jiyva

Shops:
D:4 !   D:5 [*(


Innate Abilities, Weirdness & Mutations

You are immune to sickness and miasma.
Your stone body is resilient. (AC +9)
You are immune to poison.
You resist negative energy. (rN+)
You are resistant to electric shocks. (rElec)
You are resistant to unholy torment.
You are immune to petrification.
You have hoof-like feet.
Armour fits poorly on your strangely shaped body.
Your flesh is heat resistant. (rF+)


Message History

There is a stone staircase leading up here.
You hit the black mamba. You burn the black mamba.
The black mamba is lightly wounded.
You hit the boulder beetle but do no damage.
The black mamba bites you. You block the black mamba's attack.
You block the boulder beetle's attack.
You slash the black mamba! You burn the black mamba.
The black mamba is heavily wounded.
You hit the boulder beetle but do no damage.
You block the black mamba's attack. You block the boulder beetle's attack.
The black mamba barely misses you.
You barely miss the black mamba.
The black mamba is heavily wounded.
You hit the boulder beetle. You burn the boulder beetle.
The black mamba bites you!
* * * LOW HITPOINT WARNING * * *
The boulder beetle bites you but does no damage.
The black mamba bites you but does no damage.
You slash the black mamba! You burn the black mamba.
The black mamba is almost dead.
You hit the boulder beetle but do no damage.
You block the black mamba's attack. You block the boulder beetle's attack.
Unknown command.
You slash the black mamba! You burn the black mamba.
You kill the black mamba!
Okawaru accepts your kill.
You hit the boulder beetle but do no damage.
The boulder beetle bites you but does no damage.
You hit the boulder beetle. You burn the boulder beetle.
The boulder beetle is moderately wounded.
The boulder beetle waves its antennae.
You block the boulder beetle's attack.
You hit the boulder beetle. You burn the boulder beetle.
The boulder beetle is heavily wounded.
The boulder beetle bites you!
* * * LOW HITPOINT WARNING * * *
You slash the boulder beetle! You burn the boulder beetle.
The boulder beetle is heavily wounded.
The boulder beetle bites you!
You die...

..... ..#.....[.........
....# #.................#
....###..................
.....##.................P
........................#
...............).........
.P.......................
.#.#.......÷.............
..####..........@........
.P# ##........B......##.
.## ##.........#...## P#
###.#.......#### ##
##.P....#.##.# #
#..P#....#..## #
#............# #
..............##.
......).........#


You could see a boulder beetle.

Vanquished Creatures
  7 hydras
  A boulder beetle (Lair:3)
  3 death yaks
  6 black mambas
  8 elephants
  8 cane toads
  An unseen horror (D:8)
  6 komodo dragons
  A rime drake (Lair:1)
  Prince Ribbit (D:5)
  Grinder (D:5)
  2 hornets
  4 dream sheep (Lair:3)
  17 blink frogs
  2 wyverns
  21 yaks
  3 basilisks
  Menkaure (D:5)
  21 water moccasins
  An orc warrior (D:8)
  2 ice beasts
  A black bear (Lair:4)
  An ogre (D:5)
  7 centaurs
  6 wolves (Lair:4)
  3 phantoms
  13 bullfrogs
  6 scorpions
  A necrophage (D:5)
  3 killer bees
  A howler monkey (D:7)
  3 orc priests
  4 hounds
  A jelly (D:4)
  Crazy Yiuf (D:3)
  Ijyb (D:3)
  3 iguanas
  2 orc wizards (D:5)
  Natasha (thrice) (D:3)
  A merfolk siren (Sewer)
  5 hell rats (Lair:4)
  A merfolk avatar (Sewer)
  8 gnolls
  6 adders
  2 shadow imps
  3 white imps
  2 dart slugs
  18 orcs
  5 endoplasms
  9 giant cockroaches
  8 goblins
  6 hobgoblins
  7 jackals
  8 quokkas
  6 ball pythons
  12 bats
  10 frilled lizards
  5 kobolds
  25 rats
324 creatures vanquished.

Vanquished Creatures (others)
  36 fungi
  44 plants
80 creatures vanquished.

Grand Total: 404 creatures vanquished

Notes
Turn   | Place    | Note
-------+----------+-------------------------------------------
     0 | D:1      | bande the Gargoyle Fighter began the quest for the Orb.
     0 | D:1      | Reached XP level 1. HP: 14/14 MP: 1/1
   121 | D:1      | Reached XP level 2. HP: 19/19 MP: 2/2
   278 | D:1      | Found a faded altar of an unknown god.
   875 | D:2      | Reached XP level 3. HP: 24/24 MP: 3/3
   909 | D:2      | Reached skill level 2 in Axes
  1564 | D:3      | Noticed Natasha
  1578 | D:3      | Killed Natasha
  1579 | D:3      | Reached XP level 4. HP: 19/29 MP: 4/4
  1782 | D:3      | Found a runed translucent door.
  1783 | D:3      | Noticed Crazy Yiuf
  1884 | D:3      | Noticed Ijyb
  1894 | D:3      | Killed Ijyb
  2133 | D:3      | Noticed Natasha
  2142 | D:3      | Killed Natasha
  2143 | D:3      | Reached skill level 3 in Axes
  2143 | D:3      | Reached XP level 5. HP: 33/33 MP: 5/5
  2179 | D:3      | Noticed Natasha
  2184 | D:3      | Killed Natasha
  2231 | D:3      | Killed Crazy Yiuf
  2372 | D:4      | Reached skill level 1 in Evocations
  2379 | D:4      | Reached XP level 6. HP: 36/38 MP: 6/6
  2636 | D:4      | Found Meklasuof's Distillery.
  2818 | D:4      | Found a glowing drain.
  2832 | D:4      | Noticed an ice beast
  2834 | Sewer    | Entered a sewer
  2906 | Sewer    | Reached skill level 4 in Axes
  3262 | D:4      | Killed an ice beast
  3263 | D:4      | Reached XP level 7. HP: 44/44 MP: 7/7
  3462 | D:5      | Entered Level 5 of the Dungeon
  3478 | D:5      | Reached skill level 5 in Axes
  3478 | D:5      | Reached skill level 5 in Armour
  3561 | D:5      | Found Aguu's Antique Armour Shop.
  3595 | D:5      | Bought a pair of embroidered gloves for 187 gold pieces
  3637 | D:5      | Found an iron altar of Okawaru.
  3664 | D:5      | Reached XP level 8. HP: 14/48 MP: 8/8
  3685 | D:5      | Became a worshipper of Warmaster Okawaru
  3809 | D:5      | Noticed Menkaure
  3821 | D:5      | Killed Menkaure
  3822 | D:5      | Reached skill level 1 in Invocations
  3826 | D:5      | Reached skill level 6 in Axes
  4271 | D:5      | Found Onotwune's Weapon Emporium.
  4338 | D:5      | Noticed Prince Ribbit
  4345 | D:5      | Killed Prince Ribbit
  4345 | D:5      | Reached * piety under Okawaru
  4346 | D:5      | Reached skill level 5 in Fighting
  4394 | D:5      | Reached XP level 9. HP: 54/54 MP: 10/10
  4434 | D:5      | Bought a +0 broad axe for 48 gold pieces
  4471 | D:5      | Found Jaeto's Assorted Antiques.
  4475 | D:5      | Reached skill level 5 in Shields
  4491 | D:5      | Reached ** piety under Okawaru
  4492 | D:5      | Reached skill level 7 in Axes
  4574 | D:5      | Found a snail-covered altar of Cheibriados.
  4631 | D:5      | Noticed Grinder
  4633 | D:5      | Paralysed by Grinder for 4 turns
  4641 | D:5      | Killed Grinder
  5676 | D:7      | Found a staircase to the Ecumenical Temple.
  5689 | D:7      | Found a blossoming altar of Fedhas.
  5779 | D:7      | Found a shadowy altar of Dithmenos.
  5966 | D:7      | Found a radiant altar of Vehumet.
  5968 | D:7      | Noticed a hornet
  5980 | D:7      | Killed a hornet
  5980 | D:7      | Reached *** piety under Okawaru
  6211 | D:7      | Reached skill level 8 in Axes
  6402 | D:8      | Reached XP level 10. HP: 15/60 MP: 13/13
  6792 | D:8      | Killed an unseen horror
  6832 | D:8      | Found a hide-covered altar of Uskayaw.
  7181 | D:8      | Reached skill level 5 in Evocations
  7233 | D:8      | Found a staircase to the Lair.
  7240 | D:8      | Found a large runed translucent door.
  7241 | D:8      | Found a large runed translucent door.
  7419 | D:8      | Found an ancient bone altar of Kikubaaqudgha.
  7438 | D:8      | Found a burning altar of Makhleb.
  7618 | D:8      | Found a basalt altar of Yredelemnul.
  7624 | D:8      | Found a bloodstained altar of Trog.
  7973 | Lair:1   | Entered Level 1 of the Lair of Beasts
  7989 | Lair:1   | Noticed a cane toad
  8001 | Lair:1   | Killed a cane toad
  8072 | Lair:1   | Reached **** piety under Okawaru
  8073 | Lair:1   | Reached skill level 5 in Invocations
  8085 | Lair:1   | Noticed a cane toad
  8091 | Lair:1   | Killed a cane toad
  8256 | Lair:1   | Reached skill level 9 in Axes
  8326 | Lair:1   | Noticed a cane toad
  8338 | Lair:1   | Killed a cane toad
  8751 | Lair:1   | Reached ***** piety under Okawaru
  8838 | Lair:1   | Reached XP level 11. HP: 48/66 MP: 15/15
  8902 | Lair:1   | Received a gift from Okawaru
  9883 | Lair:2   | Reached skill level 10 in Axes
 10042 | Lair:2   | Received a gift from Okawaru
 10131 | Lair:2   | Noticed a six-headed hydra
 10146 | Lair:2   | Killed a one-headed hydra
 10526 | Lair:2   | Identified the +2 animal skin "Esel" {Harm Will- SInv}
                  | (Okawaru gifted it to you on level 2 of the Lair of Beasts)
 10526 | Lair:2   | Received a gift from Okawaru
 10577 | Lair:2   | Noticed an eight-headed hydra
 10586 | Lair:2   | Killed a one-headed hydra
 10587 | Lair:2   | Reached XP level 12. HP: 41/72 MP: 17/17
 11196 | Lair:2   | Found a staircase to the Shoals.
 11748 | Lair:3   | Found a hole to the Spider Nest.
 11792 | Lair:3   | Reached skill level 11 in Axes
 11951 | Lair:3   | Noticed a boulder beetle
 11956 | Lair:3   | Noticed a six-headed hydra
 11967 | Lair:3   | Killed a one-headed hydra
 12147 | Lair:3   | Killed a boulder beetle
 13027 | Lair:4   | Gained mutation: You are robust. (+10% HP) [potion of
                  | mutation]
 13027 | Lair:4   | Gained mutation: You have large cloven feet. [potion of
                  | mutation]
 13027 | Lair:4   | Gained mutation: You passively map a small area around you.
                  | [potion of mutation]
 13028 | Lair:4   | Lost mutation: You passively map a small area around you.
                  | [potion of mutation]
 13028 | Lair:4   | Lost mutation: You have large cloven feet. [potion of
                  | mutation]
 13028 | Lair:4   | Lost mutation: You are robust. (+10% HP) [potion of
                  | mutation]
 13028 | Lair:4   | Gained mutation: You have an increased reservoir of magic.
                  | (+10% MP) [potion of mutation]
 13028 | Lair:4   | Gained mutation: You occasionally lose the ability to read
                  | scrolls when taking damage. [potion of mutation]
 13029 | Lair:4   | Lost mutation: You have an increased reservoir of magic.
                  | (+10% MP) [potion of mutation]
 13029 | Lair:4   | Lost mutation: You occasionally lose the ability to read
                  | scrolls when taking damage. [potion of mutation]
 13029 | Lair:4   | Gained mutation: Your flesh is heat resistant. (rF+)
                  | [potion of mutation]
 13029 | Lair:4   | Gained mutation: You have large cloven feet. [potion of
                  | mutation]
 13029 | Lair:4   | Gained mutation: Armour fits poorly on your strangely
                  | shaped body. [potion of mutation]
 13029 | Lair:4   | Gained mutation: You have hoof-like feet. [potion of
                  | mutation]
 13132 | Lair:4   | Noticed a four-headed hydra
 13144 | Lair:4   | Killed a one-headed hydra
 13393 | Lair:4   | Found a viscous altar of Jiyva.
 13394 | Lair:4   | Found a staircase to the Slime Pits.
 13442 | Lair:4   | Reached XP level 13. HP: 79/79 MP: 19/19
 13526 | Lair:4   | Reached ****** piety under Okawaru
 13613 | Lair:4   | Received a gift from Okawaru
 14038 | Lair:5   | Entered Level 5 of the Lair of Beasts
 14059 | Lair:4   | Reached skill level 12 in Axes
 14529 | Lair:5   | Reached skill level 10 in Armour
 14535 | Lair:5   | Identified the +0 kite shield of the Tanner {rN+} (Okawaru
                  | gifted it to you on level 5 of the Lair of Beasts)
 14535 | Lair:5   | Received a gift from Okawaru
 15268 | Lair:5   | Mangled by a boulder beetle

Illustrated notes

Levels and vault maps discovered:
D:1:      dpeg_arrival_houses_and_road, layout_loops_ring,
          hellmonk_ecumenical_altar_inner_sanctum, minmay_misc_feat_rugged,
          amcnicky_mini_pool_small, minmay_small_reverse_x
D:2:      layout_loops_ring, moated_statue
D:3:      layout_loops_cross, uniq_crazy_yiuf_cottage, uniq_natasha, uniq_ijyb
D:4:      layout_loops_cross, serial_shops, shop, gup_sewer_entry_glass
D:5:      layout_rooms, mainiacjoe_overflow_paths, lemuel_doored_altar,
          serial_shops, nicolae_shop_overgrown_old_shop, nicolae_shop_crystal,
          nicolae_shop_bloodbath_and_beyond, minmay_manual_mares, uniq_grinder,
          uniq_menkaure, uniq_prince_ribbit1
D:6:      layout_rooms
D:7:      layout_loops_ring, mainiacjoe_overflow_alcove_2,
          vehumet_altar_wand_db, grunt_dithmenos_shadows, temple_fountains,
          serial_rivers, chequers_serial_rivers_room_b,
          chequers_serial_rivers_micro_d, chequers_serial_rivers_small_3,
          chequers_serial_rivers_small_a, chequers_serial_rivers_micro_b,
          chequers_serial_rivers_micro_e
D:8:      layout_loops_ring, jmf_multi_god_temple2, nicolae_uskayaw_dance_hall,
          lightli_temple_of_fire, nicolae_kikubaaqudgha_miasma_corner,
          lair_entry_dummy, roderic_batcave, minmay_misc_feat_five
Lair:1:   layout_loops_ring, chequers_serial_rivers_small_a,
          dreamdust_mushroom_princess
Lair:2:   layout_cave_pods, minmay_shoals_entry_centaurs,
          nicolae_quartered_pool_medium, beast_lair_carwin_10
Lair:3:   layout_misc_corridors, nicolae_spider_entry_orb_guardian
Lair:4:   layout_loops_ring, slime_entry_1
Lair:5:   evil_forest, layout_cave_pods

Skill      XL: |  1  2  3  4  5  6  7  8  9 10 11 12 13 |
---------------+----------------------------------------+-----
Axes           | 2 3 4 5 6 8 9 10 11 12 | 12.3
Armour         | 4 5 6 7 8 9 10 | 10.0
Shields        | 4 5 6 7 8 9 |  9.3
Fighting       | 4 5 6 7 8 9 |  9.0
Evocations     | 1 2 3 4 5 6 7 8 |  8.3
Invocations    | 2 4 5 7 8 9 |  9.2

Action                   |  1- 3 |  4- 6 |  7- 9 | 10-12 | 13-15 || total
-------------------------+-------+-------+-------+-------+-------++-------
Melee: War axe           |   106 |   133 |   261 |   595 |   193 ||  1288
       Unarmed           |       |     4 |       |       |       ||     4
  Use: Scroll            |     7 |     1 |     6 |     5 |     3 ||    22
       Potion            |       |       |     1 |     4 |       ||     5
Armor: Scale mail        |     8 |       |       |       |       ||     8
       Chain mail        |    53 |    63 |   199 |   397 |   111 ||   823
Dodge: Dodged            |    45 |    41 |    99 |   179 |    66 ||   430
Block: Buckler           |    25 |    25 |    75 |   397 |    96 ||   618
       Reflection        |       |       |       |     5 |       ||     5
       Kite shield       |       |       |       |       |    68 ||    68

Table legend: (Time is in decaauts)
 A = Elapsed time spent in this place.
 B = Non-inter-level travel time spent in this place.
 C = Inter-level travel time spent in this place.
 D = Time resting spent in this place.
 E = Time spent auto-exploring this place.
 F = Levels seen in this place.
 G = Mean time per level.
                   A        B        C        D        E       F      G
               +--------+--------+--------+--------+--------+-----+--------+
         Total |  15430 |  14926 |    504 |   3649 |   8133 |  14 | 1102.1 |
       Dungeon |   7697 |   7272 |    425 |   1178 |   4570 |   8 |  962.1 |
          Lair |   7303 |   7224 |     79 |   2471 |   3286 |   5 | 1460.6 |
         Sewer |    430 |    430 |      0 |      0 |    277 |   1 |  430.0 |
               +--------+--------+--------+--------+--------+-----+--------+

Top non-repeatable levels by time:
  Lair:2: 2021 daAuts
  Lair:1: 1735 daAuts
  Lair:4: 1687 daAuts
     D:5: 1303 daAuts
  Lair:3: 1294 daAuts
     D:8: 1286 daAuts
     D:7: 1205 daAuts
     D:3: 894 daAuts
     D:1: 791 daAuts
     D:6: 777 daAuts
     D:4: 733 daAuts
     D:2: 704 daAuts
  Lair:5: 565 daAuts
   Sewer: 430 daAuts
